 Dungeon Sprint DCSS version 0.17-a0-1626-g3031859 (webtiles) character file.

597 soupofsoups the Blocker (level 7, -1/64 HPs)
             Began as a Formicid Fighter on Aug 2, 2015.
             Was an Initiate of Okawaru.
             Slain by a sixfirhy (5 damage)
             ... summoned by a kobold demonologist
             ... in the Dungeon (Sprint I: "Red Sonja").
             The game lasted 00:05:14 (702 turns).

soupofsoups the Blocker (Formicid Fighter)           Turns: 702, Time: 00:05:15

Health: -1/64      AC:  8    Str: 23    XL:     7   Next: 68%
Magic:  7/7        EV: 10    Int:  7    God:    Okawaru [......]
Gold:   405        SH: 12    Dex: 10    Spells: 0 memorised, 6 levels left

rFire  . . .     SeeInvis +     a - +0 trident
rCold  . . .     Clarity  .     b - +0 scale mail
rNeg   . . .     SustAt   .     c - +0 shield
rPois  .         Gourm    .     (helmet unavailable)
rElec  .         Spirit   .     (no cloak)
rCorr  .         Warding  .     (no gloves)
rMut   .         Stasis   +     (no boots)
MR     .....                    (no amulet)
Stlth  ..........               (no ring)
                                (no ring)

@: not resistant to hostile enchantments, extremely unstealthy
A: permanent stasis, dig shafts and tunnels, four strong arms, antennae 3
a: Dig, Renounce Religion


You were in the Dungeon.
You worshipped Okawaru.
Okawaru was noncommittal.
You were not hungry.

You visited 1 branch You collected 405 gold pieces.

Inventory:

Hand weapons
 a - a +0 trident (weapon)
 d - a +0 scythe of flaming
Armour
 b - a +0 scale mail (worn)
 c - a +0 shield (worn)
Potions
 f - a potion of curing
 h - 2 potions of cure mutation
 i - 2 potions of magic
Comestibles
 e - a bread ration


   Skills:
 + Level 9.2 Fighting
 + Level 8.0 Polearms
 + Level 9.2 Armour
 + Level 10.0 Shields


You had 6 spell levels left.
You didn't know any spells.

Dungeon Overview and Level Annotations

Branches:
Dungeon (1/1)

Altars:
Cheibriados
Dithmenos
Elyvilon
Fedhas
Gozag
Kikubaaqudgha
Makhleb
Nemelex Xobeh
Okawaru
Qazlal
Ru
Sif Muna
Trog
Vehumet
Xom
Yredelemnul
Zin
The Shining One
Jiyva

Shops:
D %


Innate Abilities, Weirdness & Mutations

You are under a permanent stasis effect.
You can dig through walls and to a lower floor.
Your four strong arms can wield two-handed weapons with a shield.
You have a pair of large antennae on your head (SInv).


Message History

You miss the sixfirhy.
The sixfirhy is almost dead.
You block the orange demon's attack.
You barely miss the sixfirhy.
The sixfirhy is almost dead.
The orange demon stings you but does no damage.
You block the sixfirhy's attack.
You closely miss the sixfirhy.
The sixfirhy is almost dead.
You block the sixfirhy's attack. The sixfirhy barely misses you.
You block the sixfirhy's attack.
The orange demon stings you but does no damage.
You feel much better.
The orange demon disappears in a puff of smoke!
The sixfirhy hits you.
* * * LOW HITPOINT WARNING * * *
The sixfirhy shocks you!
* * * LOW HITPOINT WARNING * * *
The sixfirhy hits you.
You die...

##########################
#<.#.?)..#..'..#__#.KK...#
#..'..#..'[.#..§{.'{.#.{.#
#..#####'#####4#{{####
..+{ #..####..#...#@####
##{ #..#__####..##.# {
#..#_..__##'#..+ {
#⌠⌠#_.∩...'..._# {
####_..._##_.#'#
#_____###+#[# ####### ###
{ {


You could see a sixfirhy.

Vanquished Creatures
  A slime creature (D)
  Sigmund (D)
  A yak (D)
  An ogre (D)
  A jelly (D)
  Ijyb (D)
6 creatures vanquished.

Vanquished Creatures (others)
  A gargoyle (D)
1 creature vanquished.

Grand Total: 7 creatures vanquished

Notes
Turn   | Place    | Note
--------------------------------------------------------------
     0 | D        | soupofsoups the Formicid Fighter began the quest for the Orb.
     0 | D        | Reached XP level 1. HP: 18/18 MP: 1/1
     1 | D        | Noticed Ijyb
    14 | D        | Killed Ijyb
    14 | D        | Reached skill level 4 in Fighting
    14 | D        | Reached skill level 5 in Shields
    14 | D        | Reached XP level 2. HP: 23/26 MP: 2/2
    14 | D        | Reached XP level 3. HP: 27/31 MP: 3/3
    24 | D        | Noticed an ogre
    26 | D        | Killed an ogre
    26 | D        | Reached skill level 6 in Fighting
    26 | D        | Reached XP level 4. HP: 32/40 MP: 4/4
    26 | D        | Reached XP level 5. HP: 36/46 MP: 5/5
    32 | D        | Noticed Sigmund
    39 | D        | Killed Sigmund
    39 | D        | Reached skill level 7 in Fighting
    39 | D        | Reached skill level 8 in Shields
    39 | D        | Reached XP level 6. HP: 19/55 MP: 6/6
    70 | D        | Found a deep blue altar of Sif Muna.
    71 | D        | Noticed a jelly
    72 | D        | Found a radiant altar of Vehumet.
    74 | D        | Killed a jelly
   259 | D        | Found Woxeeceq's Food Emporium.
   259 | D        | Found a white marble altar of Elyvilon.
   259 | D        | Found a stormy altar of Qazlal.
   259 | D        | Found a burning altar of Makhleb.
   259 | D        | Found a sacrificial altar of Ru.
   259 | D        | Found a basalt altar of Yredelemnul.
   259 | D        | Found a glowing golden altar of the Shining One.
   259 | D        | Found a sparkling altar of Nemelex Xobeh.
   259 | D        | Found a shimmering altar of Xom.
   259 | D        | Found an opulent altar of Gozag.
   259 | D        | Found an ancient bone altar of Kikubaaqudgha.
   259 | D        | Found a glowing silver altar of Zin.
   259 | D        | Noticed a yak
   267 | D        | Killed a yak
   267 | D        | Reached skill level 9 in Shields
   267 | D        | Reached XP level 7. HP: 33/63 MP: 7/7
   268 | D        | Found an iron altar of Okawaru.
   271 | D        | Found a bloodstained altar of Trog.
   280 | D        | Became a worshipper of Warmaster Okawaru
   417 | D        | Found a snail-covered altar of Cheibriados.
   417 | D        | Found a viscous altar of Jiyva.
   417 | D        | Found a shadowy altar of Dithmenos.
   417 | D        | Found a blossoming altar of Fedhas.
   417 | D        | Noticed a slime creature
   431 | D        | Killed a slime creature
   431 | D        | Reached skill level 10 in Shields
   681 | D        | Noticed a kobold demonologist
   681 | D        | Noticed a kobold demonologist
   682 | D        | Noticed an orange demon
   683 | D        | Noticed a sixfirhy
   692 | D        | Killed a gargoyle
   698 | D        | HP: 2/64 [sixfirhy[a kobold demonologist] (8)]
   702 | D        | Slain by a sixfirhy

Vault maps used:
D:        dungeon_sprint_1

Action                   |  1- 3 |  4- 6 |  7- 9 || total
-------------------------+-------+-------+-------++-------
Melee: Trident           |    15 |    17 |    27 ||    59
  Use: Potion            |     1 |       |     1 ||     2
       Scroll            |       |       |     1 ||     1
